 Dungeon Crawl Stone Soup version 0.31-a0-174-g85c54bcb58 (webtiles) character file.

Game seed: 4041306273934227380

780 Moral the Ducker (level 7, -4/57 HPs)
             Began as a Merfolk Gladiator on June 15, 2023.
             Was an Initiate of Ashenzari.
             Slain by an iguana (7 damage)
             ... on level 6 of the Dungeon.
             The game lasted 00:16:31 (6185 turns).

Moral the Ducker (Merfolk Gladiator)                Turns: 6185, Time: 00:16:31

Health: -4/57      AC:  5    Str: 15    XL:     7   Next: 85%
Magic:  7/7        EV: 19    Int:  7    God:    Ashenzari [......]
Gold:   246        SH:  0    Dex: 17    Spells: 6/6 levels left

rFire   . . .        a - +0 long sword "I Foresaw This" {Alch, Bglg} (curse)
rCold   . . .        (no shield)
rNeg    . . .        b - +0 leather armour
rPois   .            c - +1 helmet
rElec   .            (no cloak)
rCorr   .            (no gloves)
SInv    .            (boots currently unavailable)
Will    .....        (no amulet)
Stlth   ++           (no ring)
HPRegen 0.29/turn    (no ring)
MPRegen 0.10/turn

%: no passive effects
@: very quick
A: nimble swimmer 2, mertail
a: Renounce Religion, Shatter the Chains


You were on level 6 of the Dungeon.
You worshipped Ashenzari.
Ashenzari was noncommittal.
You visited 2 branches of the dungeon, and saw 7 of its levels.

You collected 246 gold pieces.

Inventory:

Hand Weapons
 a - the cursed +0 long sword "I Foresaw This" (weapon) {Alch, Bglg}

   It has a curse which improves the following skills: Alchemy: Poison Magic and
   Transmutations.
   Beguiling: Conjurations, Hexes and Translocations.
Missiles
 i - 11 javelins
Armour
 b - a +0 leather armour (worn)
 c - a +1 helmet (worn)
Jewellery
 s - a +6 ring of intelligence
Wands
 m - a wand of paralysis (1)
 n - a wand of polymorph (13)
Potions
 d - a potion of berserk rage {unknown}
 f - a potion of might {unknown}
 g - a potion of ambrosia {unknown}
 k - a potion of magic {unknown}
 l - a potion of heal wounds {unknown}
 p - 2 potions of degeneration {unknown}
 r - a potion of enlightenment {unknown}


   Skills:
 + Level 5.8 Fighting
 + Level 6.8 Long Blades
 - Level 2.0 Throwing
 + Level 7.5 Dodging


You had 6 spell levels left.
You didn't know any spells.
Your spell library contained the following spells:

 Spells                   Type           Power      Damage    Failure   Level
 Necrotise                Necr           0%         1d4       50%         1
 Vampiric Draining        Necr           0%         2d6       86%         3
 Vhi's Electric Charge    Tloc/Air       0%         N/A       86%         3
 Agony                    Necr           0%         N/A       100%        5
 Arcjolt                  Conj/Air       0%         1d10      100%        5
 Maxwell's Capacitive Co  Air            0%         ∞         100%        8


Dungeon Overview and Level Annotations

Branches:
Dungeon (6/15)             Temple (1/1) D:5

Altars:
Ashenzari
Cheibriados
Elyvilon
Fedhas
Kikubaaqudgha
Makhleb
Nemelex Xobeh
Okawaru
Ru
Sif Muna
Trog
Wu Jian
Xom
Yredelemnul
Zin
The Shining One

Shops:
D:3 [

Annotations:
Temple 2 transporters


Innate Abilities, Weirdness & Mutations

You are very nimble when in or above water. (Stealth+, EV+, Speed+++)
Your lower body shifts to a powerful aquatic tail in water.


Message History

The scorpion closely misses you.
You hit the scorpion but do no damage.
The scorpion is heavily wounded.
The iguana completely misses you. The shadow barely misses you.
The scorpion stings you but does no damage.
The iguana completely misses you.
You hit the scorpion.
The scorpion is almost dead.
The shadow completely misses you. The scorpion closely misses you.
The iguana closely misses you.
You hit the scorpion.
You kill the scorpion!
The shadow closely misses you. The iguana misses you.
The shadow barely misses you.
Unknown command.
You hit the iguana.
The iguana is lightly wounded.
The iguana bites you!
* * * LOW HITPOINT WARNING * * *
The shadow slips into darkness.
The shadow flickers and vanishes!
Deactivating autopickup; reactivate with Ctrl-A.
You hit the iguana but do no damage.
You tail-slap the iguana, but do no damage.
The iguana is lightly wounded.
The iguana closely misses you.
The shadow strikes at you from the darkness!
* * * LOW HITPOINT WARNING * * *
Reactivating autopickup.
You hit the iguana but do no damage.
You tail-slap the iguana, but do no damage.
The iguana is lightly wounded.
The iguana completely misses you. The shadow barely misses you.
You barely miss the iguana.
The iguana is lightly wounded.
The iguana barely misses you. The shadow hits you.
You slash the iguana!
The iguana is almost dead.
The iguana bites you!
You die...

.... ..§.# .....####
#.#....###
........'.##### ########
≈...≈...#.....# #.......
..#.....~~~~#.####.......
§§..≈..W~≈≈~#.##.........
.......l@≈≈~~..#.........
.#.#....~~≈≈~#.#.........
.......#~≈≈~~.#.).......
.≈......~~≈≈~.#)........
........#~≈≈~.'.........
#.#.....#~≈≈~~#....#####
........#~~≈≈~#....#
..≈... ##~≈≈~#.#..#####
#~≈≈~#.#.......


You could see a shadow and an iguana.

Vanquished Creatures
  A sky beast (D:6)
  A centaur (D:5)
  A phantom (D:5)
  A scorpion (D:6)
  A howler monkey (D:4)
  A hound (D:5)
  2 jellies (D:5)
  An orc priest (D:5)
  3 iguanas (D:5)
  Ijyb (D:3)
  4 gnolls
  6 adders
  A shadow imp (D:6)
  An ufetubus (D:4)
  5 worms
  2 dart slugs (D:3)
  14 orcs
  5 endoplasms
  2 giant cockroaches
  3 goblins
  4 hobgoblins
  7 jackals (D:2)
  5 quokkas
  5 ball pythons
  4 bats
  5 frilled lizards
  8 kobolds
  6 rats
100 creatures vanquished.

Notes
Turn   | Place    | Note
-------+----------+-------------------------------------------
     0 | D:1      | Moral the Merfolk Gladiator began the quest for the Orb.
     0 | D:1      | Reached XP level 1. HP: 16/16 MP: 1/1
   364 | D:1      | Reached XP level 2. HP: 23/23 MP: 2/2
  1135 | D:2      | Reached XP level 3. HP: 19/28 MP: 3/3
  1608 | D:2      | Reached XP level 4. HP: 35/35 MP: 4/4
  1723 | D:2      | Reached skill level 5 in Dodging
  2049 | D:3      | Noticed Ijyb
  2298 | D:3      | Reached XP level 5. HP: 25/42 MP: 5/5
  2390 | D:3      | Found Heekici's Armour Shoppe.
  2655 | D:3      | Paralysed by Ijyb for 4 turns
  2667 | D:3      | Paralysed by Ijyb for 2 turns
  2674 | D:3      | Paralysed by Ijyb for 2 turns
  2681 | D:3      | Paralysed by Ijyb for 3 turns
  2685 | D:3      | Killed Ijyb
  2686 | D:3      | Reached skill level 5 in Long Blades
  3073 | D:3      | Found an ornate altar of the Wu Jian Council.
  3388 | D:4      | Reached XP level 6. HP: 47/48 MP: 6/6
  3591 | D:4      | Reached skill level 6 in Dodging
  4215 | D:5      | Entered Level 5 of the Dungeon
  4445 | D:5      | Reached skill level 5 in Fighting
  4445 | D:5      | Reached XP level 7. HP: 41/56 MP: 7/7
  4501 | D:5      | Found a staircase to the Ecumenical Temple.
  4510 | Temple   | Entered the Ecumenical Temple
  4510 | Temple   | Found a transporter.
  4510 | Temple   | Found a transporter.
  4512 | Temple   | Found a transporter.
  4512 | Temple   | Found a transporter.
  4534 | Temple   | Became a worshipper of Ashenzari the Shackled
  4615 | D:5      | Reached skill level 7 in Dodging
  4787 | D:5      | Found a sparkling altar of Nemelex Xobeh.
  5034 | D:5      | Found a white marble altar of Elyvilon.
  5846 | D:6      | Found a shimmering blue altar of Sif Muna.
  6165 | D:6      | Noticed a shadow
  6182 | D:6      | HP: 2/57 [something (12)]
  6185 | D:6      | Slain by an iguana

Illustrated notes

Levels and vault maps discovered:
D:1:      scummos_arrival_forest, layout_basic, minmay_pentomino_w2
D:2:      layout_loops_cross, kennysheep_generic_room_5
D:3:      layout_rooms, lemuel_round_altar, serial_shops, nicolae_square_shop,
          uniq_ijyb
D:4:      layout_gridville
D:5:      layout_cave_pools, elyvilon_altar_3, nemelex_spade_bored_becter,
          minmay_temple_entry_slanted, serial_co_window_serial,
          co_window_paths_a, co_window_paths_b, co_window_corner_a,
          co_window_paths_b, co_window_paths_a, co_window_corner_a,
          co_window_paths_b, co_window_broadway_b, co_window_corner_cb,
          co_window_cross_4, glass_columns_a, glass_columns_a, glass_columns_a
D:6:      wander_river, layout_basic, nicolae_sif_muna_condensation,
          nicolae_gozag_cash_rules_everything_around_me,
          nicolae_kite_square_tiling_tiny, minmay_misc_feat_columns
Temple:   hellmonk_temple_divided_pantheon

Skill      XL: |  1  2  3  4  5  6  7 |
---------------+----------------------+-----
Long Blades    | 4 5 6 |  6.8
Fighting       | 3 4 5 |  5.8
Dodging        | 5 6 7 |  7.5
Throwing       | |  2.0

Action                     |  1- 3 |  4- 6 |  7- 9 || total
---------------------------+-------+-------+-------++-------
  Melee: Long sword        |   112 |   200 |    99 ||   411
         Punch             |       |     2 |     1 ||     3
         Tailslap          |       |       |     5 ||     5
 Invoke: Curse Item        |       |       |     1 ||     1
    Use: Potion            |       |     1 |       ||     1
         Scroll            |       |       |     7 ||     7
   Stab: Sleeping          |     1 |     2 |     1 ||     4
 Armour: Leather armour    |    43 |    50 |    21 ||   114
         Skin              |       |    22 |       ||    22
  Dodge: Dodged            |   114 |   170 |    99 ||   383

Table legend: (Time is in decaauts)
 A = Elapsed time spent in this place.
 B = Non-inter-level travel time spent in this place.
 C = Inter-level travel time spent in this place.
 D = Time resting spent in this place.
 E = Time spent auto-exploring this place.
 F = Levels seen in this place.
 G = Mean time per level.
                   A        B        C        D        E       F      G
               +--------+--------+--------+--------+--------+-----+--------+
         Total |   6235 |   6143 |     92 |   1540 |   3312 |   7 |  890.7 |
       Dungeon |   6189 |   6097 |     92 |   1540 |   3312 |   6 | 1031.5 |
        Temple |     46 |     46 |      0 |      0 |      0 |   1 |   46.0 |
               +--------+--------+--------+--------+--------+-----+--------+

Top non-repeatable levels by time:
     D:5: 1281 daAuts
     D:3: 1240 daAuts
     D:2: 1157 daAuts
     D:1: 968 daAuts
     D:4: 896 daAuts
     D:6: 645 daAuts
  Temple: 46 daAuts
